 Dungeon Crawl Stone Soup version 0.31-a0-750-gfe7b580527 (webtiles) character file.

Game seed: 2879772580073739645

136 cforsyth the Trooper (level 5, -1/42 HPs)
             Began as a Djinni Delver on Sept 14, 2023.
             Slain by an ufetubus (2 damage)
             ... on level 4 of the Dungeon.
             The game lasted 00:02:41 (1204 turns).

cforsyth the Trooper (Djinni Delver)                Turns: 1204, Time: 00:02:42

Health: -1/42      AC:  4    Str: 11    XL:     5   Next: 43%
Gold:   12         EV: 12    Int: 13    God:
                   SH:  0    Dex: 15

rFire   + + .        a - +0 falchion
rCold   x . .        (no shield)
rNeg    . . .        b - +0 leather armour
rPois   ∞            h - +0 helmet
rElec   .            (no cloak)
rCorr   .            (no gloves)
SInv    .            (boots unavailable)
Will    .....        (no amulet)
Stlth   ++           (no ring)
HPRegen 0.27/turn    (no ring)
MPRegen 0.00/turn

%: infuse magic (-2 HP)
@: mighty, attractive, flying, hasted, very quick
A: sickness immunity, fire resistance 2, cold vulnerability 1, float, innate
caster, HP casting, extra vitality 1
a: no special abilities


You were on level 4 of the Dungeon.
You visited 1 branch of the dungeon, and saw 2 of its levels.

You collected 12 gold pieces.

Inventory:

Hand Weapons
 a - a +0 falchion (weapon)
Armour
 b - a +0 leather armour (worn)
 h - a +0 helmet (worn)
Wands
 g - a wand of digging (3)
Scrolls
 c - a scroll of fog
 d - a scroll of revelation
Potions
 f - a potion of haste
 l - 2 potions of invisibility {unknown}


   Skills:
 + Level 4.5 Fighting
 - Level 1.7 Long Blades
 - Level 2.1 Dodging
 - Level 4.1 Stealth
 + Level 2.2 Spellcasting
 + Level 2.2 Conjurations
 + Level 2.2 Hexes
   Level 0.0 Charms
 + Level 2.2 Summonings
 + Level 2.2 Necromancy
 + Level 2.2 Translocations
 + Level 2.2 Transmutations
 + Level 2.2 Fire Magic
 + Level 2.2 Ice Magic
 + Level 2.2 Air Magic
 + Level 2.2 Earth Magic
 + Level 2.2 Poison Magic


You knew the following spells:

 Your Spells              Type           Power      Damage    Failure   Level
a - Freeze                Ice            28%        1d5       13%         1
b - Jinxbite              Hex            14%        N/A       19%         2
Your spell library was empty.

Dungeon Overview and Level Annotations

Branches:
Dungeon (5/15)
 Temple: D:4-7

Altars:
Fedhas

Annotations:
D:5 Eustachio


Innate Abilities, Weirdness & Mutations

You are immune to sickness and miasma.
You are immune to poison.
Your flesh is very heat resistant. (rF++)
You are vulnerable to cold. (rC-)
You float through the air rather than walking.
You learn spells naturally, not from books.
Your magical power is your life essence.
You have superior vitality. (+4 MHP)


Message History

Okay, then.
Okay, then.
The quokka bites you but does no damage.
You feel yourself speed up.
The quokka bites you but does no damage.
The gnoll hits you from afar with a +0 spear.
* * * LOW HITPOINT WARNING * * *
The howler monkey barely misses you.
An ufetubus comes into view.
The ufetubus shouts!
You hear a shout!
The howler monkey hoots and howls with incredible vigour!
The ufetubus hits you but does no damage.
The ufetubus barely misses you.
You hear an angry hiss.
You barely miss the ufetubus. The ufetubus closely misses you.
The ufetubus hits you.
* * * LOW HITPOINT WARNING * * *
You miss the ufetubus. The ufetubus closely misses you.
The ufetubus misses you. The quokka barely misses you.
You hit the ufetubus.
The ufetubus is heavily wounded.
The ufetubus hits you.
* * * LOW HITPOINT WARNING * * *
The ufetubus barely misses you.
You barely miss the ufetubus.
The ufetubus is heavily wounded.
The ufetubus closely misses you. The ufetubus hits you.
* * * LOW HITPOINT WARNING * * *
The quokka barely misses you.
A hobgoblin comes into view.
The ufetubus closely misses you. The ufetubus barely misses you.
Okay, then.
It was a potion of might.
You feel very mighty all of a sudden. The quokka misses you.
The ufetubus barely misses you. The ufetubus hits you.
* * * LOW HITPOINT WARNING * * *
It was a potion of attraction.
You feel attractive to monsters. The quokka barely misses you.
The ufetubus hits you.
You die...

#g#......>........
#.#.#####.##########.
#.#.###.#g...g.......
#.#.....#....########
##.#####.#....#
#§............#
########.#o.o.#
#.#5#'## #.#@#.#
#.#r#.o #g#h#.##
#.#g# #S#S# #.#l#
#...# ###.# ....


You could see a howler monkey, an iguana, a gnoll, an adder, an orc, an
ufetubus, a quokka, a hobgoblin and a goblin.

Vanquished Creatures
  A scorpion (D:5)
  A jelly (D:5)
  A hound (D:5)
  An adder (D:5)
  An ufetubus (D:5)
  2 orcs (D:5)
7 creatures vanquished.

Notes
Turn   | Place    | Note
-------+----------+-------------------------------------------
     0 | D:5      | cforsyth the Djinni Delver began the quest for the Orb.
     0 | D:5      | Reached XP level 1. HP: 20/20 MP: 0/0
    85 | D:5      | Reached XP level 2. HP: 13/25 MP: 0/0
   209 | D:5      | Noticed an ice beast
   390 | D:5      | Reached skill level 1 in Spellcasting
   390 | D:5      | Reached skill level 1 in Conjurations
   390 | D:5      | Reached skill level 1 in Hexes
   390 | D:5      | Reached skill level 1 in Summonings
   390 | D:5      | Reached skill level 1 in Necromancy
   390 | D:5      | Reached skill level 1 in Translocations
   390 | D:5      | Reached skill level 1 in Transmutations
   390 | D:5      | Reached skill level 1 in Fire Magic
   390 | D:5      | Reached skill level 1 in Ice Magic
   390 | D:5      | Reached skill level 1 in Air Magic
   390 | D:5      | Reached skill level 1 in Earth Magic
   390 | D:5      | Reached skill level 1 in Poison Magic
   390 | D:5      | Reached XP level 3. HP: 17/31 MP: 0/0
   390 | D:5      | Learned a level 1 spell: Freeze
   605 | D:5      | Noticed a scorpion
   634 | D:5      | Killed a scorpion
   635 | D:5      | Reached XP level 4. HP: 6/37 MP: 0/0
   635 | D:5      | Reached XP level 5. HP: 6/41 MP: 0/0
   635 | D:5      | Learned a level 2 spell: Jinxbite
  1130 | D:5      | Noticed Eustachio
  1142 | D:5      | Found a blossoming altar of Fedhas.
  1202 | D:4      | HP: 2/42 [ufetubus (1)]
  1204 | D:4      | Slain by an ufetubus

Illustrated notes

Levels and vault maps discovered:
D:4:      layout_basic, mainiacjoe_overflow_catwalk_spiral, grunt_ministairs_1
D:5:      kennysheep_spiral_hall, layout_cave_pods,
          mainiacjoe_overflow_cross_hatched, general_overflow_altar,
          slow_altar_1, overflow_temple_1_default, kennysheep_potato,
          uniq_eustachio

Skill      XL: |  1  2  3 |
---------------+----------+-----
Spellcasting   | 1 2 |  2.2
Conjurations   | 1 2 |  2.2
Hexes          | 1 2 |  2.2
Summonings     | 1 2 |  2.2
Necromancy     | 1 2 |  2.2
Translocations | 1 2 |  2.2
Transmutations | 1 2 |  2.2
Fire Magic     | 1 2 |  2.2
Ice Magic      | 1 2 |  2.2
Air Magic      | 1 2 |  2.2
Earth Magic    | 1 2 |  2.2
Poison Magic   | 1 2 |  2.2
Fighting       | 4 |  4.5
Long Blades    | |  1.7
Dodging        | |  2.1
Stealth        | |  4.1

Action                     |  1- 3 |  4- 6 || total
---------------------------+-------+-------++-------
  Melee: Falchion          |    18 |    32 ||    50
         Punch             |     1 |       ||     1
   Cast: Freeze            |     8 |       ||     8
         Jinxbite          |       |     1 ||     1
    Use: Potion            |       |     3 ||     3
         Scroll            |       |     2 ||     2
 Armour: Leather armour    |    17 |    48 ||    65
  Dodge: Dodged            |    18 |    66 ||    84

Table legend: (Time is in decaauts)
 A = Elapsed time spent in this place.
 B = Non-inter-level travel time spent in this place.
 C = Inter-level travel time spent in this place.
 D = Time resting spent in this place.
 E = Time spent auto-exploring this place.
 F = Levels seen in this place.
 G = Mean time per level.
                   A        B        C        D        E       F      G
               +--------+--------+--------+--------+--------+-----+--------+
         Total |   1210 |   1210 |      0 |    572 |    263 |   2 |  605.0 |
       Dungeon |   1210 |   1210 |      0 |    572 |    263 |   2 |  605.0 |
               +--------+--------+--------+--------+--------+-----+--------+

Top non-repeatable levels by time:
     D:5: 1154 daAuts
     D:4: 56 daAuts
